 Dungeon Crawl Stone Soup version 0.19.0-23-gf02e663 (webtiles) character file.

268 Nimsei the Slasher (level 6, -3/46 HPs)
             Began as a Demonspawn Gladiator on Nov 20, 2016.
             Slain by an ice beast (9 damage)
             ... in the Ecumenical Temple.
             The game lasted 00:17:58 (4816 turns).

Nimsei the Slasher (Demonspawn Gladiator)           Turns: 4816, Time: 00:18:00

Health: -3/46      AC: 11    Str: 16    XL:     6   Next: 0%
Magic:  6/6        EV: 11    Int:  9    God:    Xom [..*...]
Gold:   157        SH:  0    Dex: 15    Spells: 0 memorised, 5 levels left

rFire  . . .     SeeInvis .     o - +0 great sword
rCold  . . .     Gourm    .     r - +0 scale mail (curse)
rNeg   . . .     Faith    .     (shield currently unavailable)
rPois  .         Spirit   .     c - +0 helmet
rElec  .         Reflect  .     (no cloak)
rCorr  .         Harm     .     i - +0 pair of gloves
MR     .....                    (no boots)
Stlth  ..........               (no amulet)
                                (no ring)
                                h - -3 ring of protection (curse)

@: exhausted, sanguine armour, slowed, very slow
A: foul stench 1, rot immunity, sanguine armour 1
a: Renounce Religion


You were in the Ecumenical Temple.
You worshipped Xom.
You were a toy of Xom.
You were not hungry.

You visited 2 branches of the dungeon, and saw 6 of its levels.

You collected 157 gold pieces.

Inventory:

Hand Weapons
 a - a +1 long sword
 k - a +1 dagger of venom
 o - a +0 great sword (weapon)
Missiles
 d - 3 throwing nets (quivered)
Armour
 b - a +1 chain mail
 c - a +0 helmet (worn)
 i - a +0 pair of gloves (worn)
 r - a cursed +0 scale mail (worn)
Jewellery
 h - a cursed -3 ring of protection (left hand)
Scrolls
 g - a scroll of magic mapping
Potions
 e - a potion of brilliance
 j - a potion of berserk rage
Books
 p - a book of Frost

   Spells                             Type                      Level
   a - Freeze                         Ice                          1
   b - Throw Frost                    Conjuration/Ice              2
   c - Ozocubu's Armour               Charms/Ice                   3
   d - Throw Icicle                   Conjuration/Ice              4
   e - Summon Ice Beast               Ice/Summoning                4
Comestibles
 f - 2 bread rations
 l - 2 meat rations
 n - 2 slices of pizza


   Skills:
 + Level 2.9 Fighting
 + Level 4.6 Long Blades
 + Level 2.0 Throwing
 + Level 2.1 Armour
 + Level 3.2 Dodging
 + Level 0.8 Stealth


You had 5 spell levels left.
You didn't know any spells.

Dungeon Overview and Level Annotations

Branches:
Dungeon (5/15)             Temple (1/1) D:5

Altars:
Okawaru
Trog
Xom
Yredelemnul
Zin


Innate Abilities, Weirdness & Mutations

You may emit foul miasma when damaged in melee.
You are immune to rotting.
When seriously injured, your bleeding wounds create armour. (AC +6)


Message History

Your blood armour dries and flakes away.
The ice beast hits you.
Your blood congeals into armour.
The ice beast freezes you! The ice beast completely misses you.
You slash the ice beast!
The ice beast is heavily wounded.
The ice beast closely misses you.
The ice beast hits you but does no damage.
You hit the ice beast but do no damage.
The ice beast is heavily wounded.
The ice beast hits you but does no damage.
The ice beast hits you. The ice beast freezes you!
* * * LOW HITPOINT WARNING * * *
The ice beast looks sick.
You barely miss the ice beast.
The ice beast is heavily wounded.
The ice beast hits you.
* * * LOW HITPOINT WARNING * * *
The ice beast freezes you!
You die...
Xom bursts into laughter!

#########
#...8..8.
#........
#@.......
#Y.......
#...8..8.
#########


You could see an ice beast.

Vanquished Creatures
  A water moccasin zombie (D:3)
  An orc wizard (D:3)
  3 worker ants (D:4)
  3 adders
  4 oozes
  4 worms (D:2)
  A dart slug (D:2)
  A leopard gecko (D:2)
  2 orcs (D:3)
  2 ball pythons (D:3)
  6 bats
  2 giant cockroaches (D:2)
  7 goblins
  7 hobgoblins
  A quokka (D:3)
  A frilled lizard (D:2)
  8 kobolds
  5 rats
59 creatures vanquished.

Notes
Turn   | Place    | Note
-------+----------+-------------------------------------------
     0 | D:1      | Nimsei the Demonspawn Gladiator began the quest for the Orb.
     0 | D:1      | Reached XP level 1. HP: 16/16 MP: 1/1
   247 | D:2      | Gained mutation: You are immune to rotting. [demonic ancestry]
   247 | D:2      | Reached XP level 2. HP: 21/22 MP: 2/2
   254 | D:2      | Reached skill level 3 in Long Blades
   642 | D:2      | Gained mutation: You may emit foul miasma when damaged in melee. [demonic ancestry]
   642 | D:2      | Reached XP level 3. HP: 17/27 MP: 3/3
  1072 | D:2      | Found a glowing silver altar of Zin.
  1072 | D:2      | Found a shimmering altar of Xom.
  1072 | D:2      | Noticed an angel
  1157 | D:2      | Became a worshipper of Xom of Bone-Dry Humour
  1832 | D:2      | XOM: harmless Hex miscast
  1872 | D:2      | XOM: harmless Erth miscast
  2266 | D:2      | XOM: harmless Hex miscast
  2568 | D:2      | XOM: god gift: 29 gold pieces
  2726 | D:3      | XOM: noise
  2731 | D:3      | Gained mutation: When seriously injured, your bleeding wounds create armour. (AC +6) [demonic ancestry]
  2731 | D:3      | Reached XP level 4. HP: 34/34 MP: 4/4
  2824 | D:3      | Reached skill level 1 in Armour
  3007 | D:3      | Reached skill level 4 in Long Blades
  3007 | D:3      | Reached XP level 5. HP: 20/39 MP: 5/5
  3094 | D:3      | XOM: harmless Fire miscast
  3167 | D:3      | Found a basalt altar of Yredelemnul.
  3700 | D:4      | XOM: mild Hex miscast
  3835 | D:4      | XOM: harmless Air miscast
  4071 | D:4      | Found a bloodstained altar of Trog.
  4117 | D:4      | XOM: mild Conj miscast
  4515 | D:4      | Reached XP level 6. HP: 36/46 MP: 6/6
  4708 | D:4      | Found an iron altar of Okawaru.
  4763 | D:4      | XOM: noise
  4766 | D:5      | Entered Level 5 of the Dungeon
  4794 | D:5      | Noticed an ice beast
  4797 | D:5      | XOM: potion effect (berserk rage)
  4801 | D:5      | Found a staircase to the Ecumenical Temple.
  4811 | Temple   | Entered the Ecumenical Temple
  4816 | Temple   | Slain by an ice beast

Skill      XL: |  1  2  3  4  5 |
---------------+----------------+-----
Long Blades    | 3 4 |  4.6
Throwing       | 2 |  2.0
Dodging        | 3 |  3.2
Armour         | 1 2 |  2.1
Fighting       | |  2.9
Stealth        | |  0.8

Action                   |  1- 3 |  4- 6 || total
-------------------------+-------+-------++-------
Melee: Long sword        |    90 |    95 ||   185
       Great sword       |       |     9 ||     9
  Use: Scroll            |     9 |     2 ||    11
       Potion            |       |     2 ||     2
  Eat: Chunk             |     1 |     1 ||     2
       Pizza             |     1 |     1 ||     2
       Meat ration       |     1 |       ||     1
       Beef jerky        |       |     2 ||     2
Armor: Leather armour    |     3 |       ||     3
       Ring mail         |     6 |       ||     6
       Chain mail        |    26 |    59 ||    85
       Scale mail        |       |     4 ||     4
Dodge: Dodged            |    43 |    54 ||    97
       Rpst.: Long sword |    16 |    17 ||    33
